 Dungeon Crawl Stone Soup version 0.31.0-32-g396128a36d (webtiles) character file.

Game seed: 1266722958471199906

16 TreeGuy the Trooper (level 2, -2/3 HPs)
             Began as a Hill Orc Fighter on Mar 11, 2024.
             Slain by a quokka (3 damage)
             ... on level 2 of the Dungeon.
             The game lasted 00:04:49 (1151 turns).

TreeGuy the Trooper (Hill Orc Fighter)              Turns: 1151, Time: 00:04:50

Health: -2/3       AC:  2    Str: 23    XL:     2   Next: 54%
Magic:  2/2        EV:  9    Int:  8    God:
Gold:   73         SH:  0    Dex: 10    Spells: 1/1 levels left

rFire   . . .        a - melded +0 war axe
rCold   . . .        c - melded +0 buckler
rNeg    . . .        b - melded +0 scale mail
rPois   +            (helmet currently unavailable)
rElec   .            (cloak currently unavailable)
rCorr   .            (gloves currently unavailable)
SInv    .            (boots currently unavailable)
Will    .....        (no amulet)
Stlth   +            (no ring)
HPRegen 0.20/turn    (no ring)
MPRegen 0.08/turn

%: no passive effects
@: snake-form
A: constrict, reduced hp, large
a: Begin Untransformation


You were on level 2 of the Dungeon.
You were an enormous serpent.
You visited 1 branch of the dungeon, and saw 2 of its levels.

You collected 73 gold pieces.

Inventory:

Hand Weapons
 a - a +0 war axe (melded)
 f - a +0 short sword
 g - a +0 whip
 n - a +0 short sword
 p - a +0 short sword
 r - a +0 whip
 w - a +0 short sword
Missiles
 l - 7 stones (quivered)
 o - 4 boomerangs
Armour
 b - a +0 scale mail (melded)
 c - a +0 buckler (melded)
 e - a +0 robe
 i - a +0 leather armour
 q - a +0 ring mail
 s - a +0 ring mail
Talismans
 t - a serpent talisman (active)
Scrolls
 j - a scroll of identify {unknown}
 m - 2 scrolls of teleportation {unknown}
 u - a scroll of revelation {unknown}
Potions
 d - a potion of might
 h - a potion of heal wounds {unknown}
 k - a potion of enlightenment {unknown}
 v - a potion of brilliance {unknown}


   Skills:
 + Level 3.8 Fighting
 + Level 3.1 Axes
 + Level 3.4 Armour
 + Level 3.6 Shields


You had one spell level left.
You didn't know any spells.
Your spell library contained the following spells:

 Spells                   Type           Power      Damage    Failure   Level
 Ensorcelled Hibernation  Hex/Ice        0%         N/A       54%         2
 Passwall                 Erth           0%         N/A       78%         3
 Swiftness                Air            0%         N/A       78%         3


Dungeon Overview and Level Annotations

Branches:
Dungeon (2/15)

Altars:


Message History

A bat comes into view.
A bat is nearby!
The bat hits you but does no damage.
You closely miss the bat. You grab the bat. You constrict the bat.
The bat hits you but does no damage.
The bat struggles to escape constriction.
The bat escapes!
The bat hits you. The bat hits you.
Found a scroll labelled WUORAO KEAFIOXT.
The bat completely misses you. The bat hits you but does no damage.
The bat barely misses you.
You closely miss the bat. Your grab misses the bat.
The bat is heavily wounded.
The bat hits you.
You hit the bat.
You kill the bat!
u - a scroll labelled WUORAO KEAFIOXT You see here a bat corpse.
There are no objects that can be picked up here. a bat corpse
Found a short sword.
You see here a +0 short sword.
v - a bubbling silvery potion You see here a +0 short sword.
You see here a +0 short sword.
w - a +0 short sword
Found a dagger.
l - 7 stones (gained 6)
You see here a +0 dagger.
A quokka comes into view.
A quokka is nearby!
The quokka misses you.
You barely miss the quokka. Your grab misses the quokka. The quokka bites you.
Ouch! That really hurt!
You hit the quokka but do no damage. Your grab misses the quokka.
The quokka bites you.
Ouch! That really hurt!
You die...

...#.##
#.###.######
.##
##.#...#####
##
##..#.....#
.##
#.#...###.#
#.###.######
#.# .<.#.#
#.### ###<.#
#...# ..##.#
###S# ..# #
#...r..# #.#
#.#......#
.# #
#..#.#.# . .
#....# # #.
# #.#..# #.
. # .. ..


You could see a quokka.

Vanquished Creatures
  2 dart slugs (D:1)
  2 giant cockroaches (D:1)
  2 kobolds (D:1)
  2 quokkas (D:1)
  2 bats
  A rat (D:1)
11 creatures vanquished.

Notes
Turn   | Place    | Note
-------+----------+-------------------------------------------
     0 | D:1      | TreeGuy the Hill Orc Fighter began the quest for the Orb.
     0 | D:1      | Reached XP level 1. HP: 19/19 MP: 1/1
   475 | D:1      | Reached XP level 2. HP: 27/27 MP: 2/2
  1151 | D:2      | Slain by a quokka

Illustrated notes

Levels and vault maps discovered:
D:1:      saegor_arrival_simple_e, layout_basic
D:2:      layout_loops_cross

Skill      XL: |  1  2 |
---------------+-------+-----
Axes           | 3 |  3.1
Fighting       | |  3.8
Armour         | |  3.4
Shields        | |  3.6

Action                     || total
---------------------------++-------
  Melee: War axe           ||    23
         Unarmed           ||     5
         Constrict         ||     1
 Armour: Scale mail        ||    20
         Skin              ||     8
  Dodge: Dodged            ||    14
  Block: Buckler           ||     3
   Form: Serpent           ||     1
